 Dungeon Crawl Stone Soup version 0.29-a0-410-g9596d59a08 (webtiles) character file.

Game seed: 4033981219200336018

2240 Bruhh the Thaumaturge (level 9, -10/60 HPs)
             Began as a Djinni Cinder Acolyte on May 14, 2022.
             Was an Elder of Ignis.
             Mangled by an eight-headed hydra (12 damage)
             ... on level 7 of the Dungeon.
             The game lasted 00:07:21 (7518 turns).

Bruhh the Thaumaturge (Djinni Cinder Acolyte)       Turns: 7518, Time: 00:07:23

Health: -10/60     AC:  7    Str: 13    XL:     9   Next: 63%
Gold:   344        EV: 10    Int: 20    God:    Ignis [****..] SH:  0 Dex:  9

rFire   + + +      SeeInvis .   t - staff of fire
rCold   x . .      Faith    .   (no shield)
rNeg    . . .      Spirit   .   G - +0 leather armour
rPois   ∞          Reflect  .   d - +2 helmet
rElec   .          Harm     .   I - +0 cloak
rCorr   .          Rampage  .   (no gloves)
Will    .....                   (boots unavailable)
Stlth   +.........              (no amulet)
HPRegen 0.20/turn               v - ring of protection from cold
MPRegen 0.00/turn               u - ring of fire

@: flying
A: sickness immunity, fire resistance 2, cold vulnerability 1, float, innate
caster, HP casting, extra vitality 1
a: Renounce Religion, Fiery Armour, Foxfire Swarm


You were on level 7 of the Dungeon.
You worshipped Ignis.
Ignis was greatly pleased with you.
You visited 1 branch of the dungeon, and saw 7 of its levels.

You collected 344 gold pieces.

Inventory:

Hand Weapons
 a - a -1 falchion of flaming
Missiles
 j - 39 stones
 J - 2 throwing nets
Armour
 b - a +0 robe
 d - a +2 helmet (worn)
 D - the +8 scale mail of the Moon {Rampage rF+++ Dex-5 Slay+6}
   (You found it on level 4 of the Dungeon)

   Dex:       It affects your dexterity (-5).
   Slay:      It affects your accuracy & damage with ranged weapons and melee
   (+6).
   rF:        It renders you almost immune to fire.
   Rampage:   It bestows one free step when moving towards enemies.
 G - a +0 leather armour (worn)
 I - a +0 cloak (worn)
Magical Staves
 t - a staff of fire (weapon)
Jewellery
 u - a ring of fire (right hand)
 v - a ring of protection from cold (left hand)
 H - an amulet of faith
Wands
 q - a wand of digging (5)
 A - a wand of polymorph (5)
Scrolls
 f - 2 scrolls of amnesia
 p - a scroll of enchant weapon
 s - a scroll of enchant armour
 x - a scroll of summoning
 y - a scroll of fog
 z - a scroll of silence
 B - a scroll of poison
 C - a scroll of teleportation {unknown}
 E - a scroll of magic mapping {unknown}
 F - 2 scrolls of immolation {unknown}
Potions
 c - 4 potions of haste {unknown}
 e - a potion of brilliance {unknown}
 h - a potion of magic {unknown}
 i - a potion of resistance {unknown}
 k - 4 potions of curing {unknown}
 l - 2 potions of heal wounds {unknown}
 m - 2 potions of flight {unknown}
 n - a potion of ambrosia {unknown}
 o - a potion of cancellation {unknown}
 r - a potion of lignification {unknown}
 w - 2 potions of might {unknown}
 K - a potion of degeneration {unknown}
 L - a potion of berserk rage {unknown}


   Skills:
 - Level 3.0 Fighting
 - Level 2.6 Long Blades
 + Level 9.7 Spellcasting


You had 16 spell levels left.
You knew the following spells:

 Your Spells              Type           Power      Damage    Failure   Level
a - Scorch                Fire           100%       2d10      1%          2
b - Sandblast             Erth           96%        2d20      1%          1
c - Blink                 Tloc           96%        N/A       1%          2
d - Mephitic Cloud        Conj/Pois/Air  48%        N/A       1%          3
e - Call Canine Familiar  Summ           48%        N/A       1%          3
Your spell library was empty.

Dungeon Overview and Level Annotations

Branches:
Dungeon (7/15)             Temple (0/1) D:5

Altars:
Cheibriados
Makhleb
Okawaru
Xom
Zin
The Shining One

Shops:
D:2 =

Annotations:
D:5 2 transporters, Sat's ghost, novice HOBe


Innate Abilities, Weirdness & Mutations

You are immune to sickness and miasma.
You are immune to poison.
Your flesh is very heat resistant. (rF++)
You are vulnerable to cold. (rC-)
You float through the air rather than walking.
You learn spells naturally, not from books.
Your magical power is your life essence.
You have superior vitality. (+4 MHP)


Message History

a +1 whip of flaming; a +0 robe An eight-headed hydra comes into view.
The eight-headed hydra roars!
An eight-headed hydra is nearby!
An eight-headed hydra is nearby!
An eight-headed hydra is nearby!
Unknown command.
Casting: Scorch (safe; 1% risk of failure)
Confirm with . or Enter, or press ? or * to list all spells.
The eight-headed hydra barely misses your wolf.
The eight-headed hydra closely misses your wolf. x2
The eight-headed hydra bites your wolf!
The eight-headed hydra bites your wolf but does no damage.
The eight-headed hydra bites your wolf. The eight-headed hydra bites your wolf!
Your wolf dies!
Your wolf's corpse disappears in a puff of smoke!
Casting: Call Canine Familiar (safe; 1% risk of failure)
Confirm with . or Enter, or press ? or * to list all spells.
The eight-headed hydra attacks as you move away!
The eight-headed hydra bites you.
The eight-headed hydra closely misses you.
The eight-headed hydra bites you!
The eight-headed hydra closely misses you.
The eight-headed hydra bites you!
The eight-headed hydra barely misses you.
The eight-headed hydra bites you.
The eight-headed hydra barely misses you.
You swap places.
The eight-headed hydra attacks as you move away!
The eight-headed hydra bites you!
* * * LOW HITPOINT WARNING * * *
The eight-headed hydra bites you!
* * * LOW HITPOINT WARNING * * *
The eight-headed hydra bites you.
* * * LOW HITPOINT WARNING * * *
The eight-headed hydra closely misses you.
The eight-headed hydra completely misses you.
The eight-headed hydra closely misses you.
The eight-headed hydra bites you!
You die...

#.# #.#...[..##.#
#.# ###......##.#
#.# ...........#
#.# ####.....###
#.# #.....# #.#
####.....# #.#.
#........#
#.#.!####.##.....#
#.#...D@........#
#.##.####.#.....#
#.#. ...#.....#
#.# #####.....#
#.# #.....# #.#
#.....# #.#
##.....#
##.########......#
#................#


You could see an eight-headed hydra (ally target) and a friendly wolf
(summoned).

Vanquished Creatures
  Pikel (D:7)
  Sigmund (D:4)
  Eustachio (D:4)
  2 water moccasins
  An ice beast (D:6)
  A black bear (D:4)
  2 lemures (D:7)
  2 phantoms
  A kobold brigand (D:7)
  3 necrophages
  3 scorpions
  2 hounds
  2 orc priests (D:4)
  An iguana (D:4)
  A jelly (D:6)
  Ijyb (D:4)
  2 orc wizards
  Natasha (D:4)
  Robin (D:4)
  A gnoll (D:6)
  7 adders
  A white imp (D:4)
  2 ufetubi
  A dart slug (D:2)
  20 orcs
  12 ball pythons
  6 bats
  3 endoplasms
  2 giant cockroaches (D:1)
  17 goblins
  9 hobgoblins
  4 jackals (D:3)
  6 quokkas
  2 frilled lizards
  2 goblin skeletons (D:4)
  A goblin zombie (D:4)
  2 hobgoblin zombies (D:4)
  16 kobolds
  A kobold skeleton (D:4)
  2 kobold zombies (D:4)
  An orc skeleton (D:4)
  An orc zombie (D:4)
  5 rats
153 creatures vanquished.

Vanquished Creatures (others)
  19 foxfires (D:4)
  7 plants
26 creatures vanquished.

Grand Total: 179 creatures vanquished

Notes
Turn   | Place    | Note
-------+----------+-------------------------------------------
     0 | D:1      | Bruhh the Djinni Cinder Acolyte began the quest for the
                  | Orb.
     0 | D:1      | Reached XP level 1. HP: 20/20 MP: 0/0
    50 | D:1      | Reached XP level 2. HP: 20/25 MP: 0/0
    90 | D:1      | Reached skill level 3 in Spellcasting
   235 | D:1      | Reached XP level 3. HP: 26/30 MP: 0/0
   235 | D:1      | Learned a level 1 spell: Sandblast
   837 | D:1      | Found a faded altar of an unknown god.
   986 | D:2      | Reached XP level 4. HP: 21/35 MP: 0/0
  1469 | D:2      | Found Jydeiloa's Jewellery Shoppe.
  1575 | D:2      | Reached skill level 4 in Spellcasting
  2028 | D:3      | You are sucked into a shaft and drop 1 floor!
  2029 | D:4      | Noticed Eustachio
  2037 | D:4      | Killed Eustachio
  2038 | D:4      | Reached skill level 5 in Spellcasting
  2038 | D:4      | Reached XP level 5. HP: 34/40 MP: 0/0
  2038 | D:4      | Learned a level 2 spell: Blink
  2038 | D:4      | Reached XP level 6. HP: 39/46 MP: 0/0
  3126 | D:4      | Found a glowing golden altar of the Shining One.
  3405 | D:4      | Reached XP level 7. HP: 46/50 MP: 0/0
  3405 | D:4      | Learned a level 3 spell: Mephitic Cloud
  3438 | D:4      | Noticed Sigmund
  3442 | D:4      | Killed Sigmund
  3443 | D:4      | Reached skill level 6 in Spellcasting
  3707 | D:4      | Noticed Ijyb
  3732 | D:5      | Entered Level 5 of the Dungeon
  3747 | D:4      | Killed Ijyb
  3808 | D:4      | Found an iron altar of Okawaru.
  3928 | D:4      | Found a burning altar of Makhleb.
  4035 | D:4      | Noticed Robin
  4043 | D:4      | Noticed Natasha
  4056 | D:4      | Killed Robin
  4061 | D:4      | Killed Natasha
  4062 | D:4      | Reached XP level 8. HP: 39/56 MP: 0/0
  4193 | D:4      | Reached skill level 7 in Spellcasting
  4423 | D:4      | Identified the +8 scale mail of the Moon {Rampage rF+++
                  | Dex-5 Slay+6}
  4541 | D:5      | Found a transporter.
  4547 | D:5      | Noticed Sat's ghost (novice HOBe)
  4558 | D:5      | Identified the +5 trident of Edonenot {pain, Will+ Str-2
                  | Int+3}
  4752 | D:5      | Found a staircase to the Ecumenical Temple.
  4894 | D:5      | Found a transporter.
  5021 | D:5      | Found a shimmering altar of Xom.
  5705 | D:6      | Reached skill level 8 in Spellcasting
  5768 | D:6      | Found a glowing silver altar of Zin.
  5769 | D:6      | Noticed an angel
  6519 | D:6      | Reached XP level 9. HP: 55/60 MP: 0/0
  6519 | D:6      | Learned a level 3 spell: Call Canine Familiar
  6743 | D:7      | Found a snail-covered altar of Cheibriados.
  6748 | D:7      | Noticed a two-headed ogre
  7172 | D:7      | Reached skill level 9 in Spellcasting
  7311 | D:7      | Noticed Pikel
  7363 | D:7      | Killed Pikel
  7514 | D:7      | Noticed an eight-headed hydra
  7518 | D:7      | HP: 3/60 [eight-headed hydra (11)]
  7518 | D:7      | Mangled by an eight-headed hydra

Illustrated notes

Levels and vault maps discovered:
D:1:      lightli_molten_gateway, layout_rooms,
          dilly_ecumenical_altar_fadedgnrine, minmay_shallow_snake_nest
D:2:      layout_basic, serial_shops, shop
D:3:      layout_basic, dk_noncrumbling_2
D:4:      layout_basic, mainiacjoe_overflow_boulevard, kennysheep_mini,
          nicolae_tso_besieged_by_evil, uniq_natasha, uniq_sigmund, uniq_robin,
          uniq_ijyb, uniq_eustachio
D:5:      layout_loops_cross, mainiacjoe_overflow_tiny_flanked,
          minmay_temple_entry_hall, gammafunk_ghost_gnarly_gnolls,
          minmay_starry_boxes
D:6:      layout_loops_corners, zin_angel
D:7:      layout_basic, kennysheep_mini_moat, uniq_pikel

Skill      XL: |  1  2  3  4  5  6  7  8  9 |
---------------+----------------------------+-----
Spellcasting   | 3 5 6 8 9 |  9.7
Fighting       | |  3.0
Long Blades    | |  2.6

Action                   |  1- 3 |  4- 6 |  7- 9 || total
-------------------------+-------+-------+-------++-------
Melee: Falchion          |    13 |       |       ||    13
       Staff             |       |       |    25 ||    25
 Cast: Scorch            |    24 |    61 |   109 ||   194
       Sandblast         |       |       |     1 ||     1
       Call Canine Famil |       |       |     3 ||     3
       Mephitic Cloud    |       |       |     2 ||     2
       Blink             |       |       |     1 ||     1
Invok: Fiery Armour      |     1 |       |     1 ||     2
       Foxfire Swarm     |       |     1 |       ||     1
       Rising Flame      |       |       |     1 ||     1
  Use: Scroll            |       |       |     7 ||     7
Armor: Robe              |    19 |     3 |    21 ||    43
       Leather armour    |       |       |    11 ||    11
Dodge: Dodged            |    16 |     6 |    55 ||    77

Table legend: (Time is in decaauts)
 A = Elapsed time spent in this place.
 B = Non-inter-level travel time spent in this place.
 C = Inter-level travel time spent in this place.
 D = Time resting spent in this place.
 E = Time spent auto-exploring this place.
 F = Levels seen in this place.
 G = Mean time per level.
                   A        B        C        D        E       F      G
               +--------+--------+--------+--------+--------+-----+--------+
         Total |   7515 |   7364 |    151 |    208 |   6265 |   7 | 1073.6 |
       Dungeon |   7515 |   7364 |    151 |    208 |   6265 |   7 | 1073.6 |
               +--------+--------+--------+--------+--------+-----+--------+

Top non-repeatable levels by time:
     D:4: 1546 daAuts
     D:6: 1334 daAuts
     D:5: 1063 daAuts
     D:2: 995 daAuts
     D:3: 964 daAuts
     D:1: 954 daAuts
     D:7: 656 daAuts
